 Dungeon Crawl Stone Soup version 0.20.1-1-g8b1a95d (webtiles) character file.

1602 Zedayar the Grappler (level 8, 0/77 HPs)
             Began as a Troll Berserker on Sept 7, 2017.
             Was an Elder of Trog.
             Slain by a hippogriff (7 damage)
             ... on level 7 of the Dungeon.
             The game lasted 00:10:36 (4512 turns).

Zedayar the Grappler (Troll Berserker)              Turns: 4512, Time: 00:10:37

Health: 0/77       AC:  6    Str: 28    XL:     8   Next: 62%
Magic:  16/16      EV:  7    Int:  3    God:    Trog [****..]
Gold:   351        SH:  0    Dex:  9    Spells: 7/7 levels left

rFire    . . .     SeeInvis +     - Unarmed
rCold    . . .     Gourm    +   i - +0 large shield (curse)
rNeg     . . .     Faith    .   a - +0 animal skin
rPois    .         Spirit   .   (helmet restricted)
rElec    .         Reflect  .   (no cloak)
rCorr    .         Harm     .   (gloves unavailable)
MR       .....                  (boots unavailable)
Stlth    ..........             (no amulet)
Regen    0.7/turn               e - ring of loudness (curse)
MPRegen  0.2/turn               A - ring of magical power

@: confused, lethally poisoned (0 -> 0)
A: unfitting armour, claws 3, rugged brown scales 1, see invisible, fast
metabolism 3, gourmand, regeneration 1, screaming 1, shaggy fur 1, tough skin 2
a: Berserk, Trog's Hand, Brothers in Arms, Burn Spellbooks, Renounce Religion


You were on level 7 of the Dungeon.
You worshipped Trog.
Trog was greatly pleased with you.
You were not hungry.

You visited 1 branch of the dungeon, and saw 7 of its levels.

You collected 351 gold pieces.

Inventory:

Missiles
 p - 2 silver javelins (quivered)
Armour
 a - a +0 animal skin (worn)
 i - a cursed +0 large shield (worn)
Jewellery
 e - a cursed ring of loudness (left claw)
 m - an uncursed ring of protection from cold
 A - a ring of magical power (right claw)
Wands
 j - a wand of paralysis (11/24)
 v - a wand of iceblast (4/15)
Scrolls
 k - a scroll of teleportation
 l - a scroll of amnesia
 o - a scroll of magic mapping {unknown}
 r - a scroll of remove curse
 t - 2 scrolls of enchant weapon
 u - a scroll of enchant armour {unknown}
 y - a scroll of blinking {unknown}
 z - 3 scrolls of fog
 C - a scroll of identify
Potions
 c - a potion of invisibility
 d - a potion of haste
 f - a potion of might
 g - a potion of brilliance
 n - 2 potions of curing
Books
 B - a book of Misfortune

   Spells                             Type                      Level
   a - Confusing Touch                Hexes                        1
   b - Confuse                        Hexes                        3
   c - Gell's Gravitas                Translocation                3
   d - Petrify                        Transmutation/Earth          4
   e - Metabolic Englaciation         Hexes/Ice                    5
   f - Yara's Violent Unravelling     Hexes/Transmutation          5
   Trog disapproves of the use of such an item.
Comestibles
 q - 2 meat rations
 s - a royal jelly
 D - 3 fruits


   Skills:
 + Level 3.4 Fighting
 - Level 3.0 Dodging
 * Level 5.8 Shields
 + Level 8.0 Unarmed Combat


You had 7 spell levels left.
You didn't know any spells.

Dungeon Overview and Level Annotations

Branches:
Dungeon (7/15)             Temple (0/1) D:5

Altars:
Cheibriados
Fedhas
Makhleb
Ru
Trog
Vehumet
Xom
Yredelemnul
The Shining One

Annotations:
D:7 Dowan, Duvessa


Innate Abilities, Weirdness & Mutations

You are too large for most types of armour.
You have claws for hands.
Your metabolism is lightning-fast.
You like to eat raw meat.
Your natural rate of healing is unusually fast.
You are covered in fur. (AC +1)
You have very tough skin. (AC +2)
You are partially covered in rugged brown scales. (AC +1, +3% HP)
You have supernaturally acute eyesight. (SInv)
You occasionally shout uncontrollably at your foes.


Message History

* * * LOW HITPOINT WARNING * * *
The hippogriff claws you but does no damage.
The orc closely misses you.
Dowan casts a spell.
Dowan blinks!
The worker ant barely misses you.
Your shield prevents you from hitting the hippogriff.
The hippogriff is almost dead.
You feel sick. The worker ant bites you.
* * * LOW HITPOINT WARNING * * *
The hippogriff bites you!
* * * LOW HITPOINT WARNING * * *
The hippogriff pecks you.
* * * LOW HITPOINT WARNING * * *
The hippogriff claws you but does no damage.
The orc hits you with a whip.
* * * LOW HITPOINT WARNING * * *
You bump into the rock wall.
You feel sick. The worker ant closely misses you.
The hippogriff bites you but does no damage.
The hippogriff pecks you!
You die...

... #... ... .... #.....
..... #..... #.....
#..... #......
##.....### ##.......
###..#...%.#####oH......
.....## #..ZSFOa@#......
......###.#WeH#### .....
......SH..e.### ....
.....O<##..## ...
....O..#..## ..
.......#.## . .§.....§.#
......#.## ........#


You could see a two-headed ogre, 2 hippogriffs, a phantom, Duvessa, Dowan, a
bullfrog, a worker ant, an adder, an orc and an adder zombie.

Vanquished Creatures
  Eustachio (D:5)
  An orc warrior (D:5)
  2 centaurs
  4 ogres
  A big kobold (D:6)
  A bullfrog (D:7)
  A water moccasin skeleton (D:5)
  A wight (D:3)
  2 crimson imps
  A bullfrog skeleton (D:3)
  A gnoll shaman (D:3)
  2 hounds
  A centaur skeleton (D:5)
  4 orc wizards
  4 worker ants
  Robin (D:3)
  3 worker ant zombies
  2 gnolls (D:3)
  4 adders
  3 oozes
  2 worms
  A dart slug (D:3)
  10 leopard geckos
  11 orcs
  6 bats
  6 giant cockroaches
  12 goblins
  14 hobgoblins
  18 jackals
  A quokka (D:5)
  4 frilled lizards
  A giant cockroach zombie (D:6)
  4 kobolds
  A leopard gecko skeleton (D:5)
  A leopard gecko zombie (D:5)
  2 quokka skeletons
  5 rats
139 creatures vanquished.

Vanquished Creatures (others)
  2 gnolls (D:3)
2 creatures vanquished.

Grand Total: 141 creatures vanquished

Notes
Turn   | Place    | Note
-------+----------+-------------------------------------------
     0 | D:1      | Zedayar the Troll Berserker began the quest for the Orb.
     0 | D:1      | Reached XP level 1. HP: 22/22 MP: 0/0
   135 | D:1      | Reached XP level 2. HP: 29/29 MP: 1/1
   330 | D:1      | Reached ** piety under Trog
   414 | D:1      | Reached XP level 3. HP: 36/36 MP: 2/2
   523 | D:2      | Found a sacrificial altar of Ru.
   830 | D:2      | Reached XP level 4. HP: 44/44 MP: 3/3
   844 | D:2      | Reached skill level 4 in Unarmed Combat
  1096 | D:3      | Found a shimmering altar of Xom.
  1107 | D:3      | Found a shimmering altar of Xom.
  1109 | D:3      | Found a shimmering altar of Xom.
  1110 | D:3      | Found a shimmering altar of Xom.
  1121 | D:3      | Noticed Robin
  1128 | D:3      | Reached XP level 5. HP: 29/52 MP: 4/4
  1153 | D:3      | Killed Robin
  1153 | D:3      | Reached *** piety under Trog
  1159 | D:3      | Reached skill level 1 in Shields
  1173 | D:3      | Reached skill level 5 in Unarmed Combat
  1262 | D:3      | Found a blossoming altar of Fedhas.
  1301 | D:3      | Found a radiant altar of Vehumet.
  1364 | D:3      | Found a transporter.
  1364 | D:3      | Found a transporter.
  1370 | D:3      | Found a burning altar of Makhleb.
  1372 | D:3      | Found a sacrificial altar of Ru.
  1774 | D:3      | Gained mutation: You have supernaturally acute eyesight. (SInv) [potion of mutation]
  1774 | D:3      | Gained mutation: You occasionally shout uncontrollably at your foes. [potion of mutation]
  1774 | D:3      | Gained mutation: You are partially covered in rugged brown scales. (AC +1, +3% HP) [potion of mutation]
  1836 | D:3      | Reached XP level 6. HP: 59/62 MP: 5/5
  2459 | D:4      | Reached skill level 6 in Unarmed Combat
  2569 | D:5      | Entered Level 5 of the Dungeon
  2580 | D:5      | Reached XP level 7. HP: 61/69 MP: 6/6
  2651 | D:5      | Noticed Eustachio
  2662 | D:5      | Killed Eustachio
  2667 | D:5      | Reached **** piety under Trog
  2766 | D:5      | Received a gift from Trog
  2885 | D:5      | Found a staircase to the Ecumenical Temple.
  2990 | D:5      | Reached skill level 7 in Unarmed Combat
  3018 | D:5      | Reached XP level 8. HP: 73/77 MP: 7/7
  3078 | D:5      | Found a snail-covered altar of Cheibriados.
  3764 | D:6      | Reached skill level 5 in Shields
  3777 | D:6      | Found a basalt altar of Yredelemnul.
  3885 | D:6      | Found a shimmering altar of Xom.
  3952 | D:6      | Found a bloodstained altar of Trog.
  4059 | D:6      | Found a glowing golden altar of the Shining One.
  4461 | D:7      | Reached skill level 8 in Unarmed Combat
  4468 | D:7      | Noticed Duvessa
  4468 | D:7      | Noticed Dowan
  4474 | D:7      | Noticed a hippogriff
  4476 | D:7      | Noticed a two-headed ogre
  4501 | D:7      | Noticed a hippogriff
  4512 | D:7      | Slain by a hippogriff

Skill      XL: |  1  2  3  4  5  6  7  8 |
---------------+-------------------------+-----
Dodging        | 3 |  3.0
Unarmed Combat | 4 5 6 7 8 |  8.0
Fighting       | 3 |  3.4
Shields        | 2 3 4 5 |  5.8

Action                   |  1- 3 |  4- 6 |  7- 9 || total
-------------------------+-------+-------+-------++-------
Melee: Unarmed           |   124 |   175 |   173 ||   472
       Punch             |     4 |       |       ||     4
Invok: Berserk           |       |     1 |       ||     1
       Burn Spellbooks   |       |       |     1 ||     1
  Use: Potion            |       |     7 |     4 ||    11
       Scroll            |       |     6 |     1 ||     7
  Eat: Chunk             |    13 |     4 |     5 ||    22
       Bread ration      |       |     2 |     2 ||     4
Armor: Animal skin       |    42 |    52 |    55 ||   149
Dodge: Dodged            |    53 |    29 |    38 ||   120
Block: Large shield      |     1 |   138 |   157 ||   296
